 Dungeon Crawl Stone Soup version bcrawl-1.38.1 (webtiles) character file.

Game seed: 14329784590538907553

355751 Morbidden the Grappler (level 9, 0/83 HPs)
             Began as a Troll Archaeologist on Apr 3, 2023.
             Slain by a sky beast (3 damage)
             ... on level 7 of the Dungeon.
             The game lasted 00:10:38 (5851 turns).

Morbidden the Grappler (Troll Archaeologist)        Turns: 5851, Time: 00:10:38

Health: 0/83       AC: 10    Str: 21    XL:     9   Next: 90%
Magic:  12/12      EV: 27    Int: 17    God:
Gold:   1810       SH:  0    Dex: 12    Spells: 13/13 levels left

rFire    + . .     GDR:     28%   - Claws (25.4)
rCold    + + +     SeeInvis .   (no shield)
rNeg     . . .     Gourm    +   (armour unavailable)
rPois    .         Faith    .   r - +2 hat
rElec    .         Spirit   .   f - scarf "Fawkyux" {rC+ rF+, +Fly Stlth+}
rCorr    .         Reflect  .   (gloves unavailable)
MR       .....                  (boots unavailable)
Stlth    +++++.....             u - amulet of the acrobat
HPRegen  0.63/turn              G - ring of protection from cold
MPRegen  0.13/turn              H - ring "Caynn" {*Slow rC++ Int+3 Dex+4 Stlth++}

@: slowed, very slow
A: large, almost no armour, claws 3, fast metabolism 3, gourmand, regeneration
1, AC +8
a: Evoke Flight


You were on level 7 of the Dungeon.
You were completely stuffed.

You visited 1 branch of the dungeon, and saw 7 of its levels.
You also visited: Ossuary.

You collected 1810 gold pieces.

Inventory:

Hand Weapons
 b - a +0 hunting sling
 m - a +0 blowgun
Missiles
 d - 6 curare-tipped needles
 n - 1608 stones (quivered)
 q - 50 javelins
 v - 731 sling bullets
 y - 93 poisoned needles
 A - 215 poisoned tomahawks
Armour
 f - the scarf "Fawkyux" (worn) {rC+ rF+, +Fly Stlth+}
   (You acquired it on level 3 of the Dungeon)

   It lets you fly.
   It makes you more stealthy.
 r - a +2 hat (worn)
Jewellery
 u - an amulet of the acrobat (around neck)
 G - a ring of protection from cold (left claw)
 H - the ring "Caynn" (right claw) {*Slow rC++ Int+3 Dex+4 Stlth++}
   (You acquired it on level 7 of the Dungeon)

   [ring of stealth]

   It affects your intelligence (+3).
   It affects your dexterity (+4).
   It greatly protects you from cold.
   It may slow you when you take damage.
   It makes you much more stealthy.
 I - an uncursed ring of resist corrosion
Scrolls
 g - 4 scrolls of fear {unknown}
 h - 6 scrolls of remove curse {unknown}
 i - 7 scrolls of identify
 l - 5 scrolls of enchant weapon {unknown}
 p - 3 scrolls of blinking {unknown}
 t - 5 scrolls of teleportation {unknown}
 w - a scroll of fog {unknown}
 D - a scroll of enchant armour {unknown}
 E - a scroll of vulnerability {unknown}
 F - a scroll of amnesia {unknown}
Potions
 a - 5 potions of lignification {unknown}
 c - 4 potions of brilliance {unknown}
 j - 2 potions of degeneration {unknown}
 k - 3 potions of curing {unknown}
 o - 2 potions of cancellation {unknown}
 s - a potion of resistance {unknown}
 x - 2 potions of invisibility {unknown}
 z - a potion of flight {unknown}
 B - 2 potions of agility {unknown}
 J - a potion of ambrosia {unknown}
Comestibles
 e - 16 rations {!d}
 C - 7 chunks of flesh


   Skills:
 * Level 3.4 Fighting
   Level 1.0 Maces & Flails
 + Level 0.6(1.8) Slings
 * Level 3.5(3.6) Throwing
 * Level 5.1 Dodging
 + Level 2.5 Stealth
 * Level 9.5 Unarmed Combat
 * Level 2.9 Spellcasting
 * Level 3.1 Evocations


You had 13 spell levels left.
You didn't know any spells.
Your spell library contained the following spells:

 Spells                   Type           Power        Failure   Level  Hunger
 Slow                     Hex            #.......     19%         1    None
 Ensorcelled Hibernation  Hex/Ice        #.....       26%         2    #......
 Confuse                  Hex            #.......     47%         3    ####...
 Dazzling Orbs            Conj/Hex       #......      47%         3    ####...
 Tukima's Dance           Hex            #.......     47%         3    ####...
 Cause Fear               Hex            #.........   87%         4    #####..


Dungeon Overview and Level Annotations

Branches:
Dungeon (7/12)
 Temple: D:4-7         Lair: D:7-9

Altars:
Hepliaklqana
Lugonu
Zin


Innate Abilities, Weirdness & Mutations

You cannot wear most types of armour.
Your thick skin is tough. (AC +8)
You are too large for most types of armour.
You have claws for hands.
Your metabolism is lightning-fast.
You like to eat raw meat.
Your natural rate of healing is unusually fast.


Message History

You miss something. Something hits you but does no damage.
You miss something. You claw something. Something barely misses you.
No path to travel!
You barely miss something. Something hits you.
* * * LOW HITPOINT WARNING * * *
Something shocks you.
* * * LOW HITPOINT WARNING * * *
You miss something. Something hits you but does no damage.
You miss something. Something hits you.
* * * LOW HITPOINT WARNING * * *
Something shocks you.
* * * LOW HITPOINT WARNING * * *
No path to travel!
Okay, then.
You aren't carrying any items that you can evoke.
Unknown command.
Unknown command.
Okay, then.
Something hits you.
You die...

###.# ##...# #.#...#
# .....# #....[..#
....<# #.......#
....[# #.#...#.#
....)# #.......
.....# #...... #
.....#######.#...#.#
...........#....@..#
##########.#.).)...#
#.#.#...#.#
#.#.......#
#.#.......#
#.........#
###########


There were no monsters in sight!

Vanquished Creatures
  Pikel (D:4)
  A troll (D:7)
  A hippogriff (D:6)
  Sigmund (D:6)
  Eustachio (D:6)
  Edmund (D:4)
  A crocodile (D:6)
  3 sky beasts
  A black bear (D:5)
  2 ice beasts (D:6)
  An ogre (D:7)
  3 bullfrogs
  2 kobold brigands (D:4)
  3 centaurs
  A wyvern skeleton (D:7)
  2 scorpions
  2 orc priests (D:7)
  4 crimson imps
  A bullfrog skeleton (D:7)
  2 hounds (D:4)
  2 human zombies (Ossuary)
  2 jellies
  An orc wizard (D:6)
  Jessica (D:3)
  2 iguanas
  2 worker ants (D:6)
  3 mummies (Ossuary)
  3 centaur zombies (Ossuary)
  A howler monkey skeleton (D:6)
  9 adders
  2 shadow imps
  2 adder zombies (Ossuary)
  3 adder skeletons
  6 worms
  A dart slug (D:1)
  4 leopard geckos
  13 orcs
  2 giant cockroaches (D:3)
  3 gnoll zombies (Ossuary)
  6 goblins
  14 hobgoblins
  3 quokkas
  5 bats
  3 frilled lizards
  7 goblin zombies (Ossuary)
  2 hobgoblin zombies (Ossuary)
  2 jackal skeletons (D:4)
  5 jackal zombies (Ossuary)
  15 kobolds
  3 kobold zombies (Ossuary)
  An orc zombie (Ossuary)
  5 rats
  6 rat zombies (Ossuary)
  A spectral orc (D:6)
174 creatures vanquished.

Vanquished Creatures (others)
  A slave (D:4)
  An ogre (D:7)
  A centaur (D:7)
  A crimson imp (D:4)
4 creatures vanquished.

Grand Total: 178 creatures vanquished

Notes
Turn   | Place    | Note
-------+----------+-------------------------------------------
     0 | D:1      | Morbidden the Troll Archaeologist began the quest for the
                  | Orb.
     0 | D:1      | Reached XP level 1. HP: 18/18 MP: 0/0
    57 | D:1      | Reached XP level 2. HP: 23/26 MP: 1/1
   170 | D:1      | Reached skill level 1 in Fighting
   755 | D:2      | Reached XP level 3. HP: 27/33 MP: 2/2
   782 | D:2      | Reached skill level 1 in Unarmed Combat
  1016 | D:2      | Noticed a scorpion
  1023 | D:2      | Killed a scorpion
  1024 | D:2      | Reached skill level 2 in Unarmed Combat
  1024 | D:2      | Gained mutation: Your natural rate of healing is unusually
                  | fast. [Troll growth]
  1024 | D:2      | Reached XP level 4. HP: 34/41 MP: 3/3
  1414 | D:3      | Reached skill level 1 in Throwing
  1675 | D:3      | Noticed Jessica
  1689 | D:3      | Killed Jessica
  1690 | D:3      | Reached XP level 5. HP: 45/48 MP: 4/4
  1690 | D:3      | Identified a scroll of acquirement
  1690 | D:3      | Identified the +5 giant spiked club "Voyfaufa" {crush, rF+
                  | Str+2 SInv} (You acquired it on level 3 of the Dungeon)
  1690 | D:3      | Identified the scarf "Fawkyux" {rC+ rF+, +Fly Stlth+} (You
                  | acquired it on level 3 of the Dungeon)
  1690 | D:3      | Identified the ring "Meluodgh" {MR- Int+6 Dex+7} (You
                  | acquired it on level 3 of the Dungeon)
  1860 | D:3      | Found a glowing silver altar of Zin.
  2558 | D:4      | Reached skill level 3 in Unarmed Combat
  2560 | D:4      | Noticed Edmund
  2571 | D:4      | Killed Edmund
  2572 | D:4      | Reached skill level 1 in Spellcasting
  2572 | D:4      | Reached skill level 1 in Evocations
  2572 | D:4      | Reached XP level 6. HP: 55/55 MP: 6/6
  2575 | D:4      | Found a sand-covered staircase.
  2599 | Ossuary  | Entered an ossuary
  2731 | Ossuary  | Reached skill level 4 in Unarmed Combat
  2880 | Ossuary  | Reached XP level 7. HP: 60/62 MP: 7/7
  2927 | D:4      | Noticed Pikel
  2960 | D:4      | Killed Pikel
  2961 | D:4      | Reached skill level 5 in Unarmed Combat
  2966 | D:4      | Reached XP level 8. HP: 30/72 MP: 7/9
  2978 | D:4      | Reached skill level 6 in Unarmed Combat
  3622 | D:5      | Entered Level 5 of the Dungeon
  4240 | D:5      | Reached skill level 7 in Unarmed Combat
  4564 | D:6      | Noticed Eustachio
  4610 | D:6      | Killed Eustachio
  4646 | D:6      | Noticed a hippogriff
  4654 | D:6      | Killed a hippogriff
  4662 | D:6      | Reached XP level 9. HP: 60/80 MP: 11/11
  4716 | D:6      | Reached skill level 8 in Unarmed Combat
  4950 | D:6      | Noticed Sigmund
  5053 | D:6      | Killed Sigmund
  5236 | D:6      | Found a hazy altar of Hepliaklqana.
  5448 | D:7      | Identified the +8 giant spiked club "Nimn" {drain, Int+7}
                  | (You acquired it on level 7 of the Dungeon)
  5448 | D:7      | Identified the ring "Caynn" {*Slow rC++ Int+3 Dex+4
                  | Stlth++} (You acquired it on level 7 of the Dungeon)
  5448 | D:7      | Identified the Almanac of Toxins and Attacks (You acquired
                  | it on level 7 of the Dungeon)
  5489 | D:7      | Noticed a troll
  5524 | D:7      | Killed a troll
  5525 | D:7      | Reached skill level 5 in Dodging
  5525 | D:7      | Reached skill level 9 in Unarmed Combat
  5609 | D:7      | Identified the +0 hat "Deopt" {Int+4 Dex+3} (You acquired
                  | it on level 7 of the Dungeon)
  5609 | D:7      | Identified the Papyrus of Earthen Necromancy (You acquired
                  | it on level 7 of the Dungeon)
  5689 | D:7      | Identified the +6 rapier of Dismemberment {pierce, +Rage
                  | rC+ MR-}
  5745 | D:7      | Found a corrupted altar of Lugonu.
  5808 | D:7      | Got a brightly glowing hand axe
  5850 | D:7      | HP: 2/83 [something (5)]
  5851 | D:7      | Slain by a sky beast

Skill      XL: |  1  2  3  4  5  6  7  8  9 |
---------------+----------------------------+-----
Fighting       | 1 2 3 |  3.4
Unarmed Combat | 2 3 4 5 7 9 |  9.5
Dodging        | 3 4 5 |  5.1
Throwing       | 1 2 3 |  3.5
Stealth        | 2 |  2.5
Spellcasting   | 1 2 |  2.9
Evocations     | 1 2 3 |  3.1
Maces & Flails | |  1.0
Slings         | |  0.6

Action                   |  1- 3 |  4- 6 |  7- 9 || total
-------------------------+-------+-------+-------++-------
Melee: Unarmed           |   103 |   235 |   295 ||   633
       Punch             |       |     3 |     4 ||     7
 Fire: Hunting sling     |       |       |     3 ||     3
Throw: Stone             |       |     4 |     7 ||    11
       Tomahawk          |       |       |     3 ||     3
Evoke: Wand              |       |       |     5 ||     5
  Use: Scroll            |       |     3 |     4 ||     7
       Potion            |       |       |     1 ||     1
 Stab: Sleeping          |     1 |     4 |     6 ||    11
  Eat: Chunk             |    14 |    14 |    27 ||    55
Armor: Skin              |    33 |    71 |    98 ||   202
Dodge: Dodged            |    65 |   107 |   157 ||   329
